 Dungeon Crawl Stone Soup version 0.31-a0-210-gccc998df9b (webtiles) character file.

Game seed: 13714843908658435915

79 qw the Chopper (level 4, -1/28 HPs)
             Began as a Gargoyle Fighter on June 29, 2023.
             Slain by Edmund
             ... wielding a +2 flail of protection
              (10 damage)
             ... on level 4 of the Dungeon.
             The game lasted 00:00:48 (2262 turns).

qw the Chopper (Gargoyle Fighter)                   Turns: 2262, Time: 00:00:48

Health: -1/28      AC: 15    Str: 22    XL:     4   Next: 38%
Magic:  4/4        EV:  6    Int:  8    God:
Gold:   7          SH:  4    Dex:  9    Spells: 3/3 levels left

rFire   . . .        Y - +0 war axe
rCold   . . .        c - +0 buckler
rNeg    + . .        j - +0 plate armour
rPois   inf          (no helmet)
rElec   +            (no cloak)
rCorr   .            (no gloves)
SInv    .            (no boots)
Will    .....        (no amulet) Stlth
                     (no ring)
HPRegen 0.24/turn    (no ring)
MPRegen 0.09/turn

%: no passive effects
@: no status effects
A: sickness immunity, AC +3, negative energy resistance 1, electricity
resistance, torment resistance 1, petrification resistance
a: no special abilities


You were on level 4 of the Dungeon.
You visited 1 branch of the dungeon, and saw 4 of its levels.

You collected 163 gold pieces.
You spent 156 gold pieces at shops.


Innate Abilities, Weirdness & Mutations

You are immune to sickness and miasma.
Your stone body is resilient. (AC +3)
You are immune to poison.
You resist negative energy. (rN+)
You are resistant to electric shocks. (rElec)
You are resistant to unholy torment.
You are immune to petrification.


   Skills:
 - Level 3.2 Fighting
 + Level 4.1 Axes
 - Level 3.2 Armour
 - Level 3.2 Shields


You had 3 spell levels left.
You didn't know any spells.
Your spell library was empty.

Inventory:

Hand Weapons
 l - a +2 mace of protection
 Y - a +0 war axe (weapon)
Armour
 c - a +0 buckler (worn)
 j - a +0 plate armour (worn)
Wands
 b - a wand of digging (2)
Scrolls
 n - a scroll of teleportation
Potions
 a - a potion of curing {unknown}
 d - a potion of might
 e - a potion of lignification {unknown}
 f - a potion of resistance {unknown}
 g - a potion of brilliance {unknown}
 i - a potion of haste {unknown}
 k - a potion of enlightenment {unknown}

Dungeon Overview and Level Annotations

Branches:
Dungeon (4/15)
 Temple: D:4-7

Altars:
Uskayaw

Shops:
D:3 (

Annotations:
D:4 Edmund


Message History

The ufetubus hits you but does no damage. x3
You slash the ufetubus!
You kill the ufetubus!
b - a wand of digging (2)
There is an open door here.
Found a stone staircase leading down.
Edmund the Younger comes into view.
He is wielding a +2 flail of protection.
Edmund says, "Everyone always remembers my brother. 'Who's Edmund?' they ask!"
You barely miss Edmund. Edmund hits you but does no damage.
You closely miss Edmund.
Edmund hits you with a +2 flail of protection.
You slash Edmund!
Edmund is heavily wounded.
Edmund hits you but does no damage.
Edmund hits you with a +2 flail of protection.
You slash Edmund!
Edmund is heavily wounded.
Edmund whines, "My parents never had time for me!"
Edmund hits you but does no damage.
You closely miss Edmund.
Edmund is heavily wounded.
Edmund hits you with a +2 flail of protection.
You barely miss Edmund.
Edmund is heavily wounded.
Edmund hits you but does no damage.
Edmund hits you with a +2 flail of protection!
You barely miss Edmund.
Edmund is heavily wounded.
Edmund closely misses you.
You hit Edmund but do no damage.
Edmund is heavily wounded.
Edmund hits you with a +2 flail of protection.
You barely miss Edmund.
Edmund is heavily wounded.
Edmund hits you but does no damage. You block Edmund's attack.
You hit Edmund.
Edmund is severely wounded.
Edmund hits you with a +2 flail of protection!
You die...

.. ..... ... #....
..>#...# ###.#...##
.........#
.........##########
......@..##.......#
.#.#.#..@.##.##.##.#
....<.....##.#.#.#.#
.#.#.#....##..#8#..#
..........##.#)#.#.#
#.#.#.....#.##.##.#
........##.......#
.#.#.#.....####'####
.......>.........#
#######)#..#####.#


You could see Edmund.

Vanquished Creatures
  Terence (D:2)
  An adder (D:2)
  An ufetubus (D:4)
  2 orcs
  5 ball pythons
  5 bats
  An endoplasm (D:4)
  4 goblins
  3 hobgoblins
  3 jackals (D:1)
  4 kobolds
  A quokka (D:2)
  2 frilled lizards (D:1)
  4 rats
  A spectral goblin (D:1)
38 creatures vanquished.

Notes
Turn   | Place    | Note
-------+----------+-------------------------------------------
     0 | D:1      | qw the Gargoyle Fighter began the quest for the Orb.
     0 | D:1      | Reached XP level 1. HP: 14/14 MP: 1/1
     0 | D:1      | 0 ||| qw: Version: 0.3-a-24-g62f9e04
     0 | D:1      | 0 ||| qw: Game counter: 6715
     0 | D:1      | 0 ||| qw: Melee chars always use a shield: true
     0 | D:1      | 0 ||| qw: God list: Okawaru
     0 | D:1      | 0 ||| qw: Allow faded altars: false
     0 | D:1      | 0 ||| qw: Do Orc after clearing Dungeon:15 true
     0 | D:1      | 0 ||| qw: Do second Lair branch before Depths: true
     0 | D:1      | 0 ||| qw: Lair rune preference: random
     0 | D:1      | 0 ||| qw: Goals: Normal, Zot:1-4, Slime:5, God:TSO, Crypt,
                  | Tomb, Abyss, Pan, Hells, Win
     0 | D:1      | 0 ||| PLANNING D:1-11
    23 | D:1      | Found a faded altar of an unknown god.
   158 | D:1      | Reached skill level 2 in Axes
   257 | D:1      | Reached XP level 2. HP: 19/19 MP: 2/2
   686 | D:1      | 686 ||| DROPPING orb of light.
   687 | D:1      | 687 ||| UPGRADING to +0 plate armour.
   697 | D:1      | 697 ||| DROPPING +0 scale mail.
   698 | D:1      | 698 ||| READING scroll labelled JUIXZIWK XIUN.
   701 | D:1      | 701 ||| READING scroll labelled YNKYGO KOCLE.
   702 | D:1      | 702 ||| READING scroll labelled NYW KEUNEIN.
   784 | D:2      | Noticed Terence
   793 | D:2      | Killed Terence
   794 | D:2      | Reached skill level 3 in Axes
   794 | D:2      | Reached XP level 3. HP: 23/23 MP: 3/3
  1111 | D:2      | Reached XP level 4. HP: 28/28 MP: 4/4
  1489 | D:2      | 1489 ||| READING scroll labelled ZIOM OKACYESHRO.
  1546 | D:3      | 1546 ||| FLEEEEING.
  1547 | D:3      | 1547 ||| FLEEEEING.
  1548 | D:3      | 1548 ||| FLEEEEING.
  1549 | D:3      | 1549 ||| FLEEEEING.
  1550 | D:3      | 1550 ||| FLEEEEING.
  1551 | D:3      | 1551 ||| FLEEEEING.
  1552 | D:3      | 1552 ||| FLEEEEING.
  1642 | D:3      | Found a hide-covered altar of Uskayaw.
  1756 | D:3      | Found Wesuelil's Weapon Boutique.
  1763 | D:3      | 1763 ||| BUYING +2 mace of protection (156 gold).
  1763 | D:3      | Bought a +2 mace of protection for 156 gold pieces
  1763 | D:3      | 1763 ||| DROPPING +0 mace.
  2123 | D:3      | Reached skill level 4 in Axes
  2143 | D:3      | 2143 ||| READING scroll labelled LYTESA ESAY.
  2144 | D:3      | 2144 ||| READING scroll labelled RESUD UDEF.
  2145 | D:3      | 2145 ||| READING scroll labelled MYOGGO JEAN.
  2221 | D:4      | Identified the +0 trident of Context {elec, rElec rCorr
                  | Str+2}
  2248 | D:4      | Noticed Edmund
  2262 | D:4      | Slain by Edmund

Levels and vault maps discovered:
D:1:      eino_arrival_druids_welcome, layout_loops_ring,
          dreamdust_ecumenical_altar_drowned_temple,
          dreamdust_mushroom_princess, amcnicky_mini_corridor_feature
D:2:      layout_basic, uniq_terence
D:3:      layout_loops_ring, mainiacjoe_overflow_small_starburst, serial_shops,
          shop
D:4:      layout_basic, st_stairs_8, serial_bayou_pond_c,
          kennysheep_generic_room_9, uniq_edmund

Skill      XL: |  1  2  3  4 |
---------------+-------------+-----
Axes           | 2 3 4 |  4.1
Fighting       | |  3.2
Armour         | |  3.2
Shields        | |  3.2

Action                     |  1- 3 |  4- 6 || total
---------------------------+-------+-------++-------
  Melee: War axe           |    52 |    45 ||    97
    Use: Scroll            |     3 |     4 ||     7
 Armour: Scale mail        |    17 |       ||    17
         Plate armour      |    13 |    26 ||    39
  Dodge: Dodged            |    23 |    10 ||    33
  Block: Buckler           |    10 |     9 ||    19

Table legend:
 A = Non-vault XP
 B = Vault XP
 C = Vault XP percentage of total XP
 D = Non-vault monster count
 E = Vault monster count
 F = Vault count percentage of total count
                 A         B        C        D         E       F
            +---------+---------+-------+---------+---------+-------
      Total |      65 |      49 |  43.0 |      33 |       5 |  13.2
            +---------+---------+-------+---------+---------+-------
        D:1 |      24 |       1 |   4.0 |      15 |       1 |   6.2
        D:2 |      21 |      36 |  63.2 |       6 |       1 |  14.3
        D:3 |      18 |       0 |   0.0 |      11 |       0 |   0.0
        D:4 |       2 |      12 |  85.7 |       1 |       3 |  75.0
            +---------+---------+-------+---------+---------+-------
